Get step-by-step instructions on how to execute this build order below. Start the game timer, and the build order will tick by so you can play in parallel with StarCraft on a second screen or mobile device.

Game Time

  0:00

Last Step

  N/A

Next Step

Upcoming Step



Don't want to look back and forth between 2 screens? Try out our Overwolf App, the Spawning Tool Build Advisor to get an in-game overlay with this build!

Complete Build Order

  12  0:02  Drone  
  13  0:19  Drone  
  14  0:42  Overlord  
  14  0:45  Hatchery  
  13  0:52  Drone  
  14  0:57  Extractor  
  14  0:58  Drone  
  14  1:10  Drone  
  15  1:27  Spawning Pool  
  14  1:45  Overlord  
  14  1:53  Drone x2  
  16  1:59  Drone  
  16  2:00  Drone  
  18  2:14  Queen x2  
  22  2:22  Drone x2  
  24  2:28  Drone  
  25  2:35  Spine Crawler  
  24  2:41  Spine Crawler  
  24  3:05  Drone x3  
  24  3:08  Zergling x6  
  29  3:25  Drone x2, Spine Crawler  
  29  3:26  Drone  
  29  3:27  Drone  
  32  3:43  Metabolic Boost  
  31  3:50  Zergling x4  
  31  3:53  Roach Warren  
  31  3:54  Drone x3  
  35  4:03  Drone  
  35  4:06  Extractor, Overlord x2  
  35  4:07  Extractor  
  34  4:12  Overlord  
  34  4:23  Lair  
  34  4:28  Extractor  
  33  4:33  Drone x3, Spore Crawler  
  33  4:34  Drone  
  33  4:35  Spore Crawler  
  34  4:49  Hatchery  
  33  4:54  Overlord  
  33  5:00  Pneumatized Carapace  
  33  5:13  Drone x3  
  36  5:18  Evolution Chamber  
  36  5:19  Evolution Chamber  
  34  5:29  Spore Crawler, Spine Crawler  
  34  5:31  Drone x3  
  35  5:40  Hydralisk Den  
  34  5:43  Roach  
  27  6:05  Roach  
  27  6:06  Roach x3  
  34  6:22  Spine Crawler  
  34  6:23  Drone x3  
  36  6:26  Drone x2  
  36  6:31  Drone x2  
  40  6:37  Grooved Spines  
  40  6:44  Baneling Nest  
  40  6:46  Spine Crawler  
  38  6:57  Spine Crawler  
  37  7:03  Drone x3  
  40  7:21  Roach x5  
  50  7:34  Hydralisk, Muscular Augments  
  50  7:35  Hydralisk  
  54  7:38  Drone  
  54  7:43  Drone  
  56  7:46  Spore Crawler  
  56  7:49  Spore Crawler  
  54  7:59  Drone x2  
  56  8:07  Hydralisk x2  
  58  8:21  Hydralisk  
  60  8:27  Spore Crawler  
  60  8:29  Spore Crawler  
  60  8:33  Spore Crawler  
  60  8:34  Drone x2  
  59  8:35  Spore Crawler  
  50  8:54  Zergling x6